 Dungeon Crawl Stone Soup version 0.20-a0-494-gf50ee04 (webtiles) character file.

3023 Ijustatesigmund the Conjurer (level 9, -26/75 HPs)
             Began as a Naga Wizard on Jan 14, 2017.
             Was a Believer of Ashenzari.
             Annihilated by a two-headed ogre
             ... wielding a +0 giant club
              (27 damage)
             ... on level 8 of the Dungeon on Jan 17, 2017.
             The game lasted 00:35:54 (11038 turns).

Ijustatesigmund the Conjurer (Naga Wizard)         Turns: 11038, Time: 00:35:55

Health: -26/75     AC: 24    Str: 11    XL:     9   Next: 85%
Magic:  4/19       EV:  8    Int: 20    God:    Ashenzari [**....]
Gold:   465        SH:  0    Dex: 10    Spells: 10/21 levels left

rFire    + . .     SeeInvis +   o - +3 mace (protect) (curse)
rCold    + . .     Gourm    .   k - +2 robe {rC+ rF+} (curse)
rNeg     . . .     Faith    .   (no shield)
rPois    +         Spirit   .   l - +1 helmet (curse)
rElec    .         Reflect  .   q - +0 cloak (curse)
rCorr    .         Harm     .   t - +2 pair of gloves
MR       +....                  g - +0 naga barding (curse)
Stlth    ++........             D - amulet of regeneration
Regen    0.7/turn               m - ring of wizardry
                                b - ring of wizardry (curse)

@: protection aura, very slow
A: see invisible, deformed body, poison resistance, slowness 2, slow metabolism
1, spit poison 1, AC +3
a: Spit Poison, Curse Item, Scrying, Renounce Religion


You were on level 8 of the Dungeon.
You worshipped Ashenzari.
Ashenzari was pleased with you.
You were not hungry.

You visited 2 branches of the dungeon, and saw 9 of its levels.
You also visited: Sewer.

You collected 465 gold pieces.

Inventory:

Hand Weapons
 o - a cursed +3 mace of protection (weapon)
Missiles
 r - 5 javelins (quivered)
Armour
 g - a cursed +0 naga barding (worn)
 k - a cursed +2 robe of resistance (worn)
 l - a cursed +1 helmet (worn)
 q - a cursed +0 cloak (worn)
 t - a +2 pair of gloves (worn)
Jewellery
 b - a cursed ring of wizardry (left hand)
 h - an uncursed ring of positive energy
 m - a ring of wizardry (right hand)
 s - a +3 ring of evasion
 x - an uncursed amulet of guardian spirit
 y - an uncursed ring of flight
 z - an uncursed ring of positive energy
 D - an amulet of regeneration (around neck)
Wands
 a - a wand of lightning (6/15)
 f - a wand of iceblast (10/15)
 i - a wand of paralysis (0/24)
 w - a wand of acid (1/15)
 C - a wand of digging (8/24)
Scrolls
 e - 4 scrolls of teleportation
 u - a scroll of amnesia
 A - a scroll of recharging
 E - a scroll of identify
Potions
 j - a potion of magic
 p - a potion of ambrosia
 v - a potion of might {unknown}
 B - 2 potions of heal wounds {unknown}
Books
 c - a book of Minor Magic

   Spells                             Type                      Level
   a - Magic Dart                     Conjuration                  1
   b - Blink                          Translocation                2
   c - Call Imp                       Summoning                    2
   d - Repel Missiles                 Charms/Air                   2
   e - Slow                           Hexes                        2
   f - Conjure Flame                  Conjuration/Fire             3
   g - Mephitic Cloud                 Conjuration/Poison/Air       3
Comestibles
 d - 4 bread rations
 n - 3 meat rations


   Skills:
 + Level 3.0 Fighting
 - Level 4.0(6.1) Maces & Flails
 - Level 4.5 Armour
 - Level 1.5(2.6) Dodging
 - Level 3.0(4.2) Stealth
 + Level 6.7 Spellcasting
 + Level 7.7 Conjurations
   Level 1.0 Summonings
 - Level 1.0 Translocations
 + Level 1.1 Fire Magic
 - Level 2.6 Air Magic
 - Level 2.1 Poison Magic


You had 10 spell levels left.
You knew the following spells:

 Your Spells              Type           Power        Failure   Level  Hunger
a - Magic Dart            Conj           ####         1%          1    None
b - Blink                 Tloc           N/A          3%          2    None
c - Repel Missiles        Chrm/Air       ##....       3%          2    None
d - Mephitic Cloud        Conj/Pois/Air  ###.....     2%          3    #......
e - Conjure Flame         Conj/Fire      ###.....     1%          3    #......


Dungeon Overview and Level Annotations

Branches:
Dungeon (8/15)             Temple (1/1) D:4
   Lair: D:8-11

Altars:
Ashenzari
Cheibriados
Dithmenos
Elyvilon
Fedhas
Gozag
Hepliaklqana
Kikubaaqudgha
Makhleb
Nemelex Xobeh
Okawaru
Qazlal
Ru
Sif Muna
Trog
Uskayaw
Vehumet
Xom
Yredelemnul
Zin
The Shining One


Innate Abilities, Weirdness & Mutations

You cannot wear boots.
Your serpentine skin is tough. (AC +3)
You have supernaturally acute eyesight. (SInv)
Armour fits poorly on your strangely shaped body.
Your system is resistant to poisons. (rPois)
You cover ground very slowly.
You have a slow metabolism.
You can spit poison.


Message History

The stinking cloud engulfs you!
You hear an angry hiss.
The two-headed ogre is engulfed in noxious fumes.
The two-headed ogre closely misses you.
The two-headed ogre completely misses you.
You hit the two-headed ogre.
Your weapon exudes an aura of protection.
The two-headed ogre is almost dead.
You hit the two-headed ogre but do no damage.
The two-headed ogre is almost dead.
The two-headed ogre is engulfed in noxious fumes.
The two-headed ogre hits you with a giant club!
* * * LOW HITPOINT WARNING * * *
The two-headed ogre hits you with a giant spiked club!!
* * * LOW HITPOINT WARNING * * *
You barely miss the two-headed ogre.
The two-headed ogre is almost dead.
The two-headed ogre is engulfed in noxious fumes.
The two-headed ogre hits you with a giant club!!
You die...

, , #.####..##.# *
#..........#*
######.)#### ..
########..####.# ,
*
...............#.,
########.........
* ##.#####. <,
#.######.# * , *
#.@O)..... >
########(# , ,, *
* * *


You could see a two-headed ogre.

Vanquished Creatures
  Prince Ribbit (D:5)
  A hippogriff (D:7)
  Sigmund (D:2)
  A water moccasin (D:7)
  2 orc warriors (D:7)
  3 sky beasts (D:7)
  3 ogres
  2 big kobolds
  Blork the orc (D:5)
  2 scorpions (D:4)
  A wyvern skeleton (D:7)
  An electric eel (D:6)
  3 crimson imps
  2 quasits
  An orc priest (D:4)
  Crazy Yiuf (D:4)
  5 orc wizards
  3 hounds
  2 jellies
  2 bullfrog skeletons (D:5)
  Ijyb (D:2)
  6 iguanas
  9 worker ants
  A hound skeleton (D:5)
  Robin (D:2)
  4 gnolls
  8 adders
  A shadow imp (D:5)
  3 oozes
  2 adder skeletons
  5 worms
  3 dart slugs
  6 leopard geckos
  21 orcs
  5 bats
  8 giant cockroaches
  11 goblins
  5 hobgoblins
  18 jackals
  18 kobolds
  3 quokkas
  2 ball pythons (D:5)
  10 frilled lizards
  A quokka skeleton (D:4)
  A quokka zombie (D:5)
  10 rats
201 creatures vanquished.

Vanquished Creatures (others)
  A human (D:6)
1 creature vanquished.

Grand Total: 202 creatures vanquished

Notes
Turn   | Place    | Note
-------+----------+-------------------------------------------
     0 | D:1      | Ijustatesigmund the Naga Wizard began the quest for the Orb.
     0 | D:1      | Reached XP level 1. HP: 15/15 MP: 4/4
   302 | D:1      | Reached XP level 2. HP: 14/22 MP: 0/6
   330 | D:1      | Reached skill level 2 in Conjurations
   784 | D:1      | Learned a level 2 spell: Blink
   787 | D:1      | Learned a level 2 spell: Repel Missiles
   914 | D:1      | Reached XP level 3. HP: 28/28 MP: 1/7
   969 | D:1      | Learned a level 3 spell: Mephitic Cloud
  1530 | D:1      | Reached skill level 1 in Poison Magic
  1998 | D:2      | Noticed Robin
  2022 | D:2      | Killed Robin
  2022 | D:2      | Reached skill level 3 in Conjurations
  2022 | D:2      | Reached XP level 4. HP: 18/36 MP: 0/8
  2156 | D:2      | Found an opulent altar of Gozag.
  2354 | D:2      | Noticed Sigmund
  2600 | D:3      | Found a glowing drain.
  2650 | D:3      | Reached skill level 1 in Air Magic
  2762 | Sewer    | Entered a sewer
  2767 | Sewer    | Reached XP level 5. HP: 34/42 MP: 9/9
  2784 | Sewer    | Noticed DEFE's ghost (amateur DEGl)
  2812 | Sewer    | Noticed a big kobold
  2829 | Sewer    | Killed a big kobold
  2829 | Sewer    | Reached skill level 4 in Conjurations
  3509 | D:3      | Found a stormy altar of Qazlal.
  3745 | D:3      | Reached XP level 6. HP: 49/49 MP: 3/10
  4159 | D:2      | Noticed Ijyb
  4161 | D:2      | Paralysed by Ijyb for 5 turns
  4170 | D:2      | Killed Ijyb
  4170 | D:2      | Reached skill level 1 in Fighting
  4516 | D:4      | Found a basalt altar of Yredelemnul.
  4516 | D:4      | Found a staircase to the Ecumenical Temple.
  4521 | Temple   | Entered the Ecumenical Temple
  4645 | Temple   | Became a worshipper of Ashenzari the Shackled
  5217 | D:4      | Found a runed door.
  5221 | D:4      | Noticed Crazy Yiuf
  5228 | D:4      | Paralysed by you for 2 turns
  5231 | D:4      | Killed Crazy Yiuf
  5284 | D:4      | Reached skill level 1 in Maces & Flails
  5643 | D:4      | Reached XP level 7. HP: 38/61 MP: 0/11
  6411 | D:2      | Killed Sigmund
  6411 | D:2      | Reached skill level 5 in Conjurations
  6722 | D:4      | Reached XP level 8. HP: 68/68 MP: 7/14
  6738 | D:5      | Entered Level 5 of the Dungeon
  6765 | D:5      | Noticed Blork the orc
  6774 | D:5      | Killed Blork the orc
  6833 | D:5      | Reached skill level 1 in Armour
  6838 | D:5      | Learned a level 3 spell: Conjure Flame
  6946 | D:5      | Found a burning altar of Makhleb.
  6949 | D:5      | Found a sparkling altar of Nemelex Xobeh.
  6952 | D:5      | Found a sacrificial altar of Ru.
  6955 | D:5      | Found an ancient bone altar of Kikubaaqudgha.
  7563 | D:5      | Reached * piety under Ashenzari
  7576 | D:5      | Noticed Prince Ribbit
  7580 | D:5      | Killed Prince Ribbit
  7612 | D:5      | Found a white marble altar of Elyvilon.
  7622 | D:5      | Reached skill level 5 in Spellcasting
  7622 | D:5      | Reached skill level 6 in Conjurations
  8597 | D:6      | Reached XP level 9. HP: 74/74 MP: 5/17
  8869 | D:6      | Found an ancient bone altar of Kikubaaqudgha.
  9116 | D:6      | Reached ** piety under Ashenzari
  9530 | D:7      | Reached skill level 7 in Conjurations
  9972 | D:7      | Upgraded the game from 0.20-a0-472-g5c05303 to 0.20-a0-494-gf50ee04
 10787 | D:8      | Reached skill level 1 in Fire Magic
 11023 | D:8      | Noticed a two-headed ogre
 11037 | D:8      | HP: 1/75 [two-headed ogre/giant club (19)]
 11038 | D:8      | Annihilated by a two-headed ogre

Vault maps used:
D:1:      minmay_arrival_semitransparent
D:2:      grunt_gozag_breadcrumbs, uniq_iyjb, uniq_robin, uniq_sigmund
D:3:      gup_sewer_entry_glass, grunt_qazlal_clouds
D:4:      yredelemnul_altar_generic, uniq_crazy_yiuf_cottage
D:5:      grunt_temple_overflow_cloverleaf, first_bread, minmay_ruined_shrine,
          uniq_blork_the_orc, uniq_prince_ribbit1
D:6:      serial_park_tiny_1, minivault_4, tgw_kikubaaqudgha
Temple:   kb_temple_of_zot
Sewer:    sewer_kobolds

Skill      XL: |  1  2  3  4  5  6  7  8  9 |
---------------+----------------------------+-----
Conjurations   | 2 3 4 5 6 7 |  7.7
Poison Magic   | 2 |  2.1
Air Magic      | 1 2 |  2.6
Fighting       | 2 3 |  3.0
Maces & Flails | 2 4 |  4.0
Spellcasting   | 4 5 6 |  6.7
Armour         | 3 4 |  4.5
Fire Magic     | 1 |  1.1
Dodging        | |  1.5
Stealth        | |  3.0
Summonings     | |  1.0
Translocations | |  1.0

Action                   |  1- 3 |  4- 6 |  7- 9 || total
-------------------------+-------+-------+-------++-------
Melee: Unarmed           |    22 |       |       ||    22
       Whip              |    12 |    52 |       ||    64
       Hand axe          |     3 |       |       ||     3
       Mace              |       |    37 |   118 ||   155
Throw: Javelin           |       |       |    13 ||    13
 Cast: Magic Dart        |    51 |   186 |   328 ||   565
       Repel Missiles    |     1 |     1 |       ||     2
       Mephitic Cloud    |     3 |     7 |     9 ||    19
       Blink             |       |     2 |       ||     2
Invok: Curse Item        |       |       |     6 ||     6
 Abil: Spit Poison       |     7 |     5 |    11 ||    23
Evoke: Wand              |       |       |     6 ||     6
  Use: Scroll            |     3 |     7 |     6 ||    16
       Potion            |       |     3 |       ||     3
 Stab: Confused          |     2 |       |     5 ||     7
       Sleeping          |       |     1 |       ||     1
       Invisible         |       |     2 |       ||     2
       Paralysed         |       |       |     1 ||     1
  Eat: Chunk             |     2 |     6 |    10 ||    18
       Bread ration      |       |     1 |       ||     1
       Beef jerky        |       |       |     3 ||     3
Armor: Robe              |     9 |    81 |   167 ||   257
Dodge: Dodged            |    32 |   107 |   110 ||   249
       Deflected         |     2 |       |     3 ||     5
